 Dungeon Crawl Stone Soup version 0.24-a0-549-g45f0056d81 (webtiles) character file.

Game seed: 6265536759196133235

38 Peloso the Covered (level 3, -3/33 HPs)
             Began as a Minotaur Fighter on Aug 20, 2019.
             Slain by Sigmund
             ... wielding a +0 scythe
              (13 damage)
             ... on level 2 of the Dungeon.
             The game lasted 00:02:04 (818 turns).

Peloso the Covered (Minotaur Fighter)                Turns: 818, Time: 00:02:05

Health: -3/33      AC:  7    Str: 20    XL:     3   Next: 25%
Magic:  2/2        EV:  7    Int:  5    God:
Gold:   31         SH:  9    Dex: 10    Spells: 2/2 levels left

rFire    . . .     SeeInvis .   a - +0 long sword
rCold    . . .     Gourm    .   c - +0 shield
rNeg     . . .     Faith    .   b - +0 scale mail (curse)
rPois    +         Spirit   .   (helmet restricted)
rElec    .         Reflect  .   (no cloak)
rCorr    .         Harm     .   (no gloves)
MR       +....                  (no boots)
Stlth    ..........             (no amulet)
HPRegen  0.00/turn              e - ring of wizardry
MPRegen  0.08/turn              (no ring)

@: no status effects
A: retaliatory headbutt, horns 2, magic resistance 1, poison resistance,
inhibited regeneration
a: no special abilities


You were on level 2 of the Dungeon.
You were not hungry.

You visited 1 branch of the dungeon, and saw 2 of its levels.

You collected 31 gold pieces.

Inventory:

Hand Weapons
 a - a +0 long sword (weapon)
Armour
 b - a cursed +0 scale mail (worn)
 c - a +0 shield (worn)
Jewellery
 e - a ring of wizardry (left hand)
Scrolls
 g - 3 scrolls of identify {unknown}
Potions
 d - a potion of might
 h - a potion of invisibility
 i - a potion of brilliance
Comestibles
 f - 2 rations


   Skills:
 + Level 4.0 Fighting
 + Level 2.8 Long Blades
 + Level 4.2 Armour
 + Level 4.2 Shields


You had 2 spell levels left.
You didn't know any spells.
Your spell library was empty.

Dungeon Overview and Level Annotations

Branches:
Dungeon (2/15)

Altars:

Annotations:
D:2 Sigmund


Innate Abilities, Weirdness & Mutations

You reflexively headbutt those who attack you in melee.
You have a pair of horns on your head.
You are resistant to hostile enchantments. (MR+)
Your system is resistant to poisons. (rPois)
You do not regenerate when monsters are visible.


Message History

A hobgoblin is nearby!
A hobgoblin is nearby!
The hobgoblin hits you but does no damage.
You see here a whip.
You closely miss the hobgoblin.
The hobgoblin hits you but does no damage.
You block the hobgoblin's attack. The hobgoblin barely misses you.
You riposte.
You closely miss the hobgoblin. You headbutt the hobgoblin.
You kill the hobgoblin!
A goblin comes into view. It is wielding a +0 dagger.
The goblin shouts!
Sigmund the Dreaded comes into view.
He is wielding a +0 scythe.
There are monsters nearby!
Sigmund shouts!
Found 3 gold pieces.
You block Sigmund's attack. You block the goblin's attack.
You block the goblin's attack.
Sigmund hits you from afar with a +0 scythe!
You die...

#.... #......# #....#### #...##
#.....#.<....####.......####.....
...........)).......†............
###...#......######.....######.##
.....##......############ #.
##### #.####.......### #.## #..
+.........# #... #.# #.......#.#
#..# ### #....@g.# #.
#.#.........# #..# #.#....@...$#
#... #.#.##......# ##.. #.#.#
....... ...... #.# ......# #####.
#. ......# ## #######


You could see Sigmund and a goblin.

Vanquished Creatures
  An adder (D:2)
  2 dart slugs (D:1)
  A leopard gecko (D:1)
  2 giant cockroaches (D:1)
  A goblin (D:1)
  6 hobgoblins
  4 kobolds (D:1)
  3 bats (D:1)
  2 rats (D:1)
22 creatures vanquished.

Notes
Turn   | Place    | Note
-------+----------+-------------------------------------------
     0 | D:1      | Peloso the Minotaur Fighter began the quest for the Orb.
     0 | D:1      | Reached XP level 1. HP: 19/19 MP: 0/0
    87 | D:1      | Reached XP level 2. HP: 27/27 MP: 1/1
   270 | D:1      | Gained mutation: You do not regenerate when monsters are
                  | visible. [potion of mutation]
   270 | D:1      | Gained mutation: Your system is resistant to poisons.
                  | (rPois) [potion of mutation]
   270 | D:1      | Gained mutation: You are resistant to hostile enchantments.
                  | (MR+) [potion of mutation]
   788 | D:2      | Reached XP level 3. HP: 8/33 MP: 2/2
   813 | D:2      | Noticed Sigmund
   818 | D:2      | Slain by Sigmund

Levels and vault maps discovered:
D:1:      enne_arrival_octagon_isle, layout_loops_ring, st_stairs_6,
          roderic_serpentine_path
D:2:      layout_basic, lemuel_doored_altar, old_standard_altar, uniq_sigmund,
          uniq_terence

Skill      XL: |  1  2 |
---------------+-------+-----
Armour         | 4 |  4.2
Shields        | 4 |  4.2
Fighting       | 4 |  4.0
Long Blades    | |  2.8

Action                   || total
-------------------------++-------
Melee: Long sword        ||    45
       Headbutt          ||     9
  Use: Potion            ||     5
Armor: Scale mail        ||    35
Dodge: Dodged            ||    21
Block: Shield            ||    40
       Rpst.: Long sword ||     7

Table legend:
 A = Non-vault XP
 B = Vault XP
 C = Vault XP percentage of total XP
 D = Non-vault monster count
 E = Vault monster count
 F = Vault count percentage of total count
                 A         B        C        D         E       F
            +---------+---------+-------+---------+---------+-------
      Total |      53 |       2 |   3.6 |      20 |       2 |   9.1
            +---------+---------+-------+---------+---------+-------
        D:1 |      36 |       2 |   5.3 |      17 |       2 |  10.5
        D:2 |      17 |       0 |   0.0 |       3 |       0 |   0.0
            +---------+---------+-------+---------+---------+-------
